 Dungeon Crawl Stone Soup version 0.23.2 (webtiles) character file.

Game seed: 11557605558691354889

38 Gunterle the Vexing (level 3, -4/20 HPs)
             Began as a Kobold Arcane Marksman on Apr 3, 2019.
             Slain by a goblin
             ... wielding a +0 club
             ... led by Robin
              (5 damage)
             ... on level 2 of the Dungeon.
             The game lasted 00:09:47 (1978 turns).

Gunterle the Vexing (Kobold Arcane Marksman)        Turns: 1978, Time: 00:09:48

Health: -4/20      AC:  8    Str:  7    XL:     3   Next: 65%
Magic:  4/4        EV: 20    Int: 22    God:
Gold:   103        SH:  0    Dex: 20    Spells: 1/4 levels left

rFire    . . .     SeeInvis +   a - +0 hand crossbow
rCold    . . .     Gourm    .   (shield restricted)
rNeg     . . .     Faith    .   e - +0 robe
rPois    .         Spirit   .   (no helmet)
rElec    .         Reflect  .   k - +2 cloak
rCorr    .         Harm     .   j - +0 pair of gloves
MR       .....                  (no boots)
Stlth    +++.......             (no amulet)
HPRegen  0.06/turn              c - ring of wizardry
MPRegen  0.09/turn              n - +5 ring of intelligence

@: agile
A: small, icy blue scales 1, see invisible, carnivore, clever 1
a: no special abilities


You were on level 2 of the Dungeon.
You were completely stuffed.

You visited 1 branch of the dungeon, and saw 2 of its levels.

You collected 103 gold pieces.

Inventory:

Hand Weapons
 a - a +0 hand crossbow (weapon)
 g - a +0 short sword
 r - a +0 dagger
Missiles
 d - 13 bolts (quivered)
 q - 41 stones
Armour
 e - a +0 robe (worn)
 j - a +0 pair of gloves (worn)
 k - a +2 cloak (worn)
Jewellery
 c - a ring of wizardry (left hand)
 n - a +5 ring of intelligence (right hand)
Scrolls
 b - a scroll of teleportation
 h - a scroll of identify
 i - 3 scrolls of remove curse {unknown}
 m - a scroll of blinking {unknown}
 p - a scroll of magic mapping {unknown}
Potions
 l - 2 potions of agility
 s - a potion of lignification {unknown}
 t - a potion of heal wounds {unknown}
 v - a potion of degeneration {unknown}
Comestibles
 f - 4 rations
 u - a chunk of flesh


   Skills:
 - Level 1.1 Fighting
 + Level 3.6 Crossbows
 - Level 2.4 Dodging
 - Level 1.1 Spellcasting
 + Level 3.7 Hexes


You had one spell level left.
You knew the following spells:

 Your Spells              Type           Power        Failure   Level  Hunger
a - Corona                Hex            ###....      1%          1    ##.....
b - Slow                  Hex            ###.....     1%          2    ###....

Your spell library contained the following spells:

 Spells                   Type           Power        Failure   Level  Hunger
 Inner Flame              Hex/Fire       #.......     9%          3    ####...
 Portal Projectile        Hex/Tloc       #.....       9%          3    ####...
 Cause Fear               Hex            ###.......   13%         4    #####..
 Leda's Liquefaction      Hex/Erth       #.........   26%         4    #####..


Dungeon Overview and Level Annotations

Branches:
Dungeon (2/15)

Altars:

Annotations:
D:2 Robin


Innate Abilities, Weirdness & Mutations

You are small and have problems with some larger weapons.
You are carnivorous and can eat meat at any time.
You are partially covered in icy blue scales. (AC +2)
You have supernaturally acute eyesight. (SInv)
Your mind is acute. (Int +2)


Message History

Robin throws the goblin at you! The goblin hits you but does no damage.
Firing (i - inventory. (/) - cycle)
d - 14 bolts (quivered)
Press: ? - help, Shift-Dir - straight line, f - goblin
Aim: a goblin, wielding a +0 club (unusually strong)
You shoot a bolt. The bolt barely misses the goblin.
The goblin hits you with a +0 dagger.
* * * LOW HITPOINT WARNING * * *
The goblin barely misses you. The goblin hits you with a +0 club.
* * * LOW HITPOINT WARNING * * *
The goblin hits you but does no damage. The goblin misses you.
Unknown command.
It was a potion of agility.
You feel agile all of a sudden. The goblin barely misses you.
The goblin closely misses you. The goblin hits you but does no damage.
It was a potion of mutation.
You feel extremely strange.
Icy blue scales grow over part of your body.
Your vision sharpens.
You feel clever. The goblin hits you with a +0 club.
You die...

## ##### #.. ##...# ..##
.#.### #.. .#.# #.# .[.#
##.# )..### #g.# # g
...#<#### ###gg#.#....
........#### ##g@gggg..#
...#.......###'#####.#.#
†..##.#.........# #.#
.#.##.#.........# #[# ###
.#.##.#.........# #.# ..#
................####.###.#
#.###.####.##....).....#.##
#.###.# #.##....###.#....#
#..##.####.##....###.###÷.#


You could see Robin, a hobgoblin and 6 goblins.

Vanquished Creatures
  A ball python (D:1)
  8 bats
  9 goblins
  5 hobgoblins
  2 jackals (D:2)
  2 kobolds (D:2)
  A quokka (D:2)
  2 frilled lizards
  A rat (D:2)
31 creatures vanquished.

Notes
Turn   | Place    | Note
-------+----------+-------------------------------------------
     0 | D:1      | Gunterle the Kobold Arcane Marksman began the quest for the
                  | Orb.
     0 | D:1      | Reached XP level 1. HP: 12/12 MP: 2/2
   519 | D:1      | Reached XP level 2. HP: 16/16 MP: 0/3
   523 | D:1      | Learned a level 2 spell: Slow
  1395 | D:2      | Reached XP level 3. HP: 20/20 MP: 2/4
  1963 | D:2      | Noticed Robin
  1976 | D:2      | HP: 1/20 [goblin/+0 club[Robin] (5)]
  1978 | D:2      | Gained mutation: You are partially covered in icy blue
                  | scales. (AC +2) [potion of mutation]
  1978 | D:2      | Gained mutation: You have supernaturally acute eyesight.
                  | (SInv) [potion of mutation]
  1978 | D:2      | Gained mutation: Your mind is acute. (Int +2) [potion of
                  | mutation]
  1978 | D:2      | Slain by a goblin

Skill      XL: |  1  2 |
---------------+-------+-----
Crossbows      | 3 |  3.6
Fighting       | |  1.1
Dodging        | |  2.4
Spellcasting   | |  1.1
Hexes          | |  3.7

Action                   || total
-------------------------++-------
Melee: Short sword       ||   125
 Fire: Hand crossbow     ||    14
Throw: Stone             ||     7
 Cast: Corona            ||    31
       Slow              ||     4
  Use: Potion            ||     2
       Scroll            ||     1
 Stab: Sleeping          ||     1
  Eat: Chunk             ||    13
Armor: Robe              ||    56
Dodge: Dodged            ||   162
